 Dungeon Crawl Stone Soup version 0.27.1-4-g1640c2035a (webtiles) character file.

Game seed: 13977444885937142228

1298 McKennaii the Magician (level 8, -1/56 HPs)
             Began as a Djinni Air Elementalist on Nov 18, 2021.
             Slain by a wyvern zombie (12 damage)
             ... on level 6 of the Dungeon.
             The game lasted 00:08:04 (8493 turns).

McKennaii the Magician (Djinni Air Elementalist)    Turns: 8493, Time: 00:08:04

Health: -1/56      AC:  2    Str:  7    XL:     8   Next: 87%
Gold:   2          EV: 13    Int: 18    God:
                   SH:  0    Dex: 15

rFire    + + .     SeeInvis .   (no weapon)
rCold    x . .     Faith    .   (no shield)
rNeg     . . .     Spirit   .   a - +0 robe
rPois    ∞         Reflect  .   (no helmet)
rElec    .         Harm     .   (no cloak)
rCorr    .         Rampage  .   (no gloves)
Will     .....                  (boots unavailable)
Stlth    ++........             (no amulet)
HPRegen  0.18/turn              p - +4 ring of slaying
MPRegen  0.00/turn              (no ring)

@: flying
A: sickness immunity, fire resistance 2, cold vulnerability 1, float, innate
caster, hp casting, extra vitality 1
a: no special abilities


You were on level 6 of the Dungeon.
You visited 1 branch of the dungeon, and saw 6 of its levels.

You collected 236 gold pieces.
You spent 234 gold pieces at shops.

Inventory:

Missiles
 g - 159 stones
Armour
 a - a +0 robe (worn)
Jewellery
 p - a +4 ring of slaying (left hand)
Wands
 o - a wand of iceblast (6)
Scrolls
 f - 4 scrolls of teleportation
 i - a scroll of identify
 l - 2 scrolls of noise {unknown}
 m - 2 scrolls of fog {unknown}
 r - a scroll of silence {unknown}
Potions
 d - 3 potions of curing
 h - a potion of resistance {unknown}
 j - a potion of mutation {unknown}
 k - 2 potions of might {unknown}
 n - a potion of lignification {unknown}
 s - a potion of brilliance
 t - a potion of haste


   Skills:
 * Level 3.0 Fighting
 * Level 4.3 Dodging
 + Level 2.3 Stealth
 * Level 7.1 Spellcasting


You had 5 spell levels left.
You knew the following spells:

 Your Spells              Type           Power      Damage    Failure   Level
a - Shock                 Conj/Air       100%       1d9       1%          1
b - Static Discharge      Conj/Air       32%        N/A       1%          2
c - Swiftness             Air            32%        N/A       1%          3
d - Airstrike             Air            16%        N/A       5%          4
e - Sandblast             Erth           64%        2d14      1%          1
f - Call Imp              Summ           32%        N/A       1%          2
g - Vampiric Draining     Necr           16%        2d8       1%          3
Your spell library was empty.

Dungeon Overview and Level Annotations

Branches:
Dungeon (6/15)
 Temple: D:4-7

Altars:
Ashenzari
Cheibriados
Okawaru
Qazlal
Trog
Vehumet

Shops:
D:6 ![


Innate Abilities, Weirdness & Mutations

You are immune to sickness and miasma.
You are immune to poison.
Your flesh is very heat resistant. (rF++)
You are vulnerable to cold. (rC-)
You float through the air rather than walking.
You learn spells naturally, not from books.
Your magical power is your life essence.
You have superior vitality. (+4 HP)


Message History

The zap hits the wyvern zombie.
The wyvern zombie is moderately damaged.
The wyvern zombie barely misses you.
The zap hits the wyvern zombie but does no damage.
The wyvern zombie is moderately damaged.
The wyvern zombie misses you.
The zap hits the wyvern zombie.
The wyvern zombie is moderately damaged.
The wyvern zombie bites you.
The zap hits the wyvern zombie.
The wyvern zombie is moderately damaged.
The wyvern zombie completely misses you.
The zap hits the wyvern zombie but does no damage.
The wyvern zombie is moderately damaged.
The wyvern zombie bites you!
The wyvern zombie bites you but does no damage.
The zap hits the wyvern zombie.
The wyvern zombie is heavily damaged.
The wyvern zombie misses you.
The zap hits the wyvern zombie.
The wyvern zombie is heavily damaged.
The wyvern zombie misses you.
The zap hits the wyvern zombie.
The wyvern zombie is severely damaged.
The wyvern zombie closely misses you. The wyvern zombie misses you.
The zap hits the wyvern zombie!
The wyvern zombie is almost destroyed.
The wyvern zombie bites you.
You are too injured to fight recklessly!
You are too injured to fight recklessly!
You are too injured to fight recklessly!
You are too injured to fight recklessly!
You are too injured to fight recklessly!
The wyvern zombie closely misses you.
Found 9 stones.
The wyvern zombie bites you!
* * * LOW HITPOINT WARNING * * *
You are too injured to fight recklessly!
The wyvern zombie bites you!
You die...

******,* *,* ******,******#.# #
* *,** *,* *,,,,,,,,,,,*#.# #
*,,****,* **,,,,*,,,,**#.#
**,∩,,,,,*****,,***,,** #.#
*,,,,,,,,,,****,,*,,**###.#
*,,,,,,,,,,,* **,*,** #...#
*,,,,,,,****###*,*,* #####
*,****#.#####.#*,*,* *,*
**#....(@.#*,*,* ***###
********...#####Z#*,,,* **,,...
*≈,,,,,**#######.#**+**###,*,###
*,,≈≈≈,,,.......<# *,*,,..#**,,,
*,≈≈≈≈≈,,######### *,*,**#.#,***
*∩≈≈≈≈≈,,,** *,*.####.###
*,≈≈≈≈≈,,,,** *,,...KKK.K#
*,,≈≈≈,,,,,,**** *,,,****,#<##
*≈,,,,,*,,,,,,,* *,,,* **,#.##


You could see a wyvern zombie.

Vanquished Creatures
  An orc warrior (D:6)
  2 black bears
  An ogre (D:6)
  A kobold brigand (D:4)
  3 scorpions
  2 water moccasin skeletons (D:5)
  4 hounds
  A jelly (D:5)
  A centaur skeleton (D:4)
  A bullfrog skeleton (D:5)
  An orc wizard (D:6)
  5 iguanas
  4 adders
  3 gnolls
  A shadow imp (D:4)
  A white imp (D:5)
  2 ufetubi
  5 worms
  6 dart slugs
  13 orcs
  10 ball pythons
  9 bats
  9 endoplasms
  3 giant cockroaches
  10 goblins
  8 hobgoblins
  4 jackals (D:3)
  2 quokkas
  6 frilled lizards
  9 kobolds
  6 rats
134 creatures vanquished.

Vanquished Creatures (collateral kills)
  A statue (D:3)
  A ball python (D:3)
2 creatures vanquished.

Vanquished Creatures (others)
  A wizard (D:3)
  3 plants
4 creatures vanquished.

Grand Total: 140 creatures vanquished

Notes
Turn   | Place    | Note
-------+----------+-------------------------------------------
     0 | D:1      | McKennaii the Djinni Air Elementalist began the quest for
                  | the Orb.
     0 | D:1      | Reached XP level 1. HP: 15/15 MP: 0/0
   211 | D:1      | Reached XP level 2. HP: 11/21 MP: 0/0
   727 | D:1      | Reached XP level 3. HP: 25/26 MP: 0/0
   727 | D:1      | Learned a level 1 spell: Sandblast
   729 | D:1      | Reached skill level 3 in Spellcasting
  1959 | D:2      | Reached XP level 4. HP: 24/31 MP: 0/0
  3020 | D:3      | Found a faded altar of an unknown god.
  3107 | D:3      | Found a bloodstained altar of Trog.
  3343 | D:3      | Reached XP level 5. HP: 34/36 MP: 0/0
  3343 | D:3      | Learned a level 2 spell: Call Imp
  3569 | D:3      | Found a stormy altar of Qazlal.
  3687 | D:3      | Noticed a charred statue
  3913 | D:3      | Killed a charred statue
  4078 | D:3      | Reached skill level 1 in Fighting
  4078 | D:3      | Reached skill level 4 in Spellcasting
  4104 | D:3      | Reached XP level 6. HP: 15/42 MP: 0/0
  4333 | D:3      | Noticed a wizard
  4338 | D:3      | Killed a wizard
  5063 | D:4      | Found a snail-covered altar of Cheibriados.
  5219 | D:4      | Reached skill level 5 in Spellcasting
  5446 | D:4      | Noticed a necrophage
  5455 | D:4      | Noticed a black bear
  5957 | D:4      | Reached XP level 7. HP: 45/47 MP: 0/0
  5957 | D:4      | Learned a level 3 spell: Vampiric Draining
  6843 | D:5      | Entered Level 5 of the Dungeon
  6958 | D:5      | Reached skill level 6 in Spellcasting
  6958 | D:5      | Reached XP level 8. HP: 51/54 MP: 0/0
  7486 | D:5      | Found an iron altar of Okawaru.
  7654 | D:5      | Found a broken altar of Ashenzari.
  7760 | D:6      | Found Mauhoed's Distillery.
  7768 | D:6      | Bought a potion of degeneration for 13 gold pieces
  7768 | D:6      | Bought a potion of brilliance for 52 gold pieces
  7768 | D:6      | Bought a potion of curing for 39 gold pieces
  7768 | D:6      | Bought a potion of haste for 130 gold pieces
  7807 | D:6      | Found Zeuc's Antique Armour Emporium.
  8035 | D:6      | Reached skill level 7 in Spellcasting
  8493 | D:6      | Slain by a wyvern zombie

Illustrated notes

Levels and vault maps discovered:
D:1:      dpeg_arrival_rooms_b, layout_rooms, minmay_unequal
D:2:      layout_basic, serial_bayou_lagoon_b
D:3:      layout_rooms, trog_wizard, lemuel_doored_altar, vehumet_statue,
          hellmonk_ecumenical_altar_zigzags, serial_bayou,
          serial_bayou_crossing, serial_bayou_pond_b, serial_bayou_ford_a,
          serial_bayou_pond_c, cheibrodos_gnoll_hut
D:4:      layout_layer_cave, kennysheep_slug_shrine, grunt_ministairs_4,
          minmay_quadrilaterals
D:5:      layout_rooms, nicolae_ashenzari_skybound, okawaru_altar_gauntlet_db
D:6:      cheibrodos_barr_body, layout_loops_ring,
          nicolae_tso_swordbearing_angel, nemelex_diamond_rough_becter,
          mainiacjoe_overflow_chevrons, serial_shops, nicolae_diamond_shop,
          shop, nicolae_lakefront_shop, shop_statue, shop

Skill      XL: |  1  2  3  4  5  6  7  8 |
---------------+-------------------------+-----
Spellcasting   | 3 4 5 6 7 |  7.1
Fighting       | 1 2 3 |  3.0
Dodging        | 3 4 |  4.3
Stealth        | 2 |  2.3

Action                   |  1- 3 |  4- 6 |  7- 9 || total
-------------------------+-------+-------+-------++-------
Melee: Unarmed           |       |     2 |       ||     2
 Cast: Shock             |    77 |   149 |   142 ||   368
       Call Imp          |       |    19 |     3 ||    22
  Use: Scroll            |       |       |     4 ||     4
Armor: Robe              |     1 |     8 |    12 ||    21
Dodge: Dodged            |     5 |    23 |    40 ||    68
